 Dungeon Crawl Stone Soup version 0.31-a0-1242-g57893ffec4 (webtiles) character file.

Game seed: 13144530753746352172

589299 Amplified the Slayer (level 25, -3/257 HPs)
             Began as a Minotaur Shapeshifter on Dec 15, 2023.
             Was the Champion of Ashenzari.
             Killed from afar by an electric golem (18 damage)
             ... with a bolt of lightning
             ... on level 2 of the Realm of Zot on Dec 16, 2023.
             The game lasted 02:03:38 (54237 turns).

Amplified the Slayer (Minotaur Shapeshifter)       Turns: 54237, Time: 02:03:38

Health: -3/257     AC: 26    Str: 33    XL:     25   Next: 62%
Magic:  50/50      EV: 19    Int: 16    God:    Ashenzari [******]
Gold:   4662       SH: 15    Dex: 11    Spells: 36/52 levels left

rFire   + + .        G - +9 demon trident "Gnostic Gloom" {freeze, Elem, Self} (curse)
rCold   + . .        S - +0 kite shield of Ashenzari's Loss {Melee, Alch} (curse)
rNeg    + + +        b - +5 scale mail "Omen of Ashenzari" {rC+ Str+2, Fort, Comp} (curse)
rPois   +            M - +3 hat of Pondering {ponderous, Will+ MP+10 Int+5, Cun, Fort} (curse)
rElec   +            A - scarf of Ashenzari's Discomfort {shadows, rPois rN+ Regen+ Str+4, Dev, Bglg} (curse)
rCorr   .            w - +1 pair of gloves of the Tethered God {Bglg, Comp} (curse)
SInv    +            f - +2 pair of boots of the Fated Visionary {Fly, Bglg, Alch} (curse)
Will    ++++.        C - amulet "Tethered Annoyance" {Regen+, Dev, Comp} (curse) Stlth
                     F - ring "Sun of the Chained Sage" {rPois rN+ Will++, Bglg, Elem} (curse)
HPRegen 2.22/turn    m - ring "Enigmatic Gloom" {rElec rF++ rN+ Dex+3, Dev, Melee} (curse)
MPRegen 0.32/turn

%: clarity
@: flying, studying Axes, slow
A: horns 2, retaliatory headbutt, clumsy 1
}: 4/15 runes: barnacled, silver, abyssal, gossamer
a: Renounce Religion, Shatter the Chains


You were on level 2 of the Realm of Zot.
You worshipped Ashenzari.
Ashenzari was exalted by your worship.
You visited 11 branches of the dungeon, and saw 48 of its levels.
You visited the Abyss 2 times.
You visited 1 bazaar.
You also visited: Volcano and Wizlab.

You collected 8427 gold pieces.
You spent 3765 gold pieces at shops.

Inventory:

Hand Weapons
 G - the cursed +9 demon trident "Gnostic Gloom" (weapon) {freeze, Elem, Self}
   (You took it off Donald on level 2 of the Orcish Mines)

   It has a curse which improves the following skills: Elements: Fire Magic, Ice
   Magic, Air Magic and Earth Magic.
   Introspection: Fighting and Spellcasting.
Missiles
 i - 61 poisoned darts
 j - 22 curare-tipped darts
 x - 3 throwing nets
Armour
 b - the cursed +5 scale mail "Omen of Ashenzari" (worn) {rC+ Str+2, Fort, Comp}
   (You found it on level 4 of the Shoals)

   Str+2:     It affects your strength (+2).
   rC+:       It protects you from cold.
   It has a curse which improves the following skills: Fortitude: Armour and
   Shields.
   Companions: Summonings and Necromancy.
 f - the cursed +2 pair of boots of the Fated Visionary (worn) {Fly, Bglg, Alch}
   (You found it in a wizard's laboratory)

   It has a curse which improves the following skills: Beguiling: Conjurations,
   Hexes and Translocations.
   Alchemy:   Poison Magic and Transmutations.
 v - +0 gold dragon scales
 w - the cursed +1 pair of gloves of the Tethered God (worn) {Bglg, Comp}
   (You found it in a wizard's laboratory)

   It has a curse which improves the following skills: Beguiling: Conjurations,
   Hexes and Translocations.
   Companions: Summonings and Necromancy.
 A - the cursed scarf of Ashenzari's Discomfort (worn) {shadows, rPois rN+ Regen+ Str+4, Dev, Bglg}
   (You acquired it on level 1 of the Orcish Mines)

   Str+4:     It affects your strength (+4).
   rPois:     It protects you from poison rN+: It protects you from negative
   energy.
   Regen+:    It increases your rate of health regeneration.
   It has a curse which improves the following skills: Devices: Evocations and
   Shapeshifting.
   Beguiling: Conjurations, Hexes and Translocations.
 M - the cursed +3 hat of Pondering (worn) {ponderous, Will+ MP+10 Int+5, Cun, Fort}
   (You bought it in a shop in a bazaar)

   Int+5:     It affects your intelligence (+5).
   Will+:     It increases your willpower.
   MP+10:     It affects your magic capacity (+10).
   It has a curse which improves the following skills: Cunning: Dodging and
   Stealth.
   Fortitude: Armour and Shields.
 S - the cursed +0 kite shield of Ashenzari's Loss (worn) {Melee, Alch}
   (You took it off Donald on level 2 of the Orcish Mines)

   It has a curse which improves the following skills: Melee Combat: Short
   Blades, Long Blades, Axes, Maces & Flails, Polearms, Staves and Unarmed
   Combat.
   Alchemy:   Poison Magic and Transmutations.
Jewellery
 e - the ring "Numeidd" {rPois rC+ rN+ Int+3 Stlth+}
   (You found it on level 3 of the Crypt)

   [ring of poison resistance]

   Int+3:     It affects your intelligence (+3).
   rC+:       It protects you from cold.
   rPois:     It protects you from poison rN+: It protects you from negative
   energy.
   Stlth+:    It makes you more stealthy.
 m - the cursed ring "Enigmatic Gloom" (right hand) {rElec rF++ rN+ Dex+3, Dev, Melee}
   (You acquired it on level 8 of the Dungeon)

   [ring of positive energy]

   Dex+3:     It affects your dexterity (+3).
   rF++:      It greatly protects you from fire.
   rElec:     It insulates you from electricity.
   rN+:       It protects you from negative energy.
   It has a curse which improves the following skills: Devices: Evocations and
   Shapeshifting.
   Melee Combat: Short Blades, Long Blades, Axes, Maces & Flails, Polearms,
   Staves and Unarmed Combat.
 C - the cursed amulet "Tethered Annoyance" (around neck) {Regen+, Dev, Comp}
   (You found it on level 10 of the Dungeon)

   [amulet of regeneration]

   Regen+:    It increases your rate of health regeneration.
   It has a curse which improves the following skills: Devices: Evocations and
   Shapeshifting.
   Companions: Summonings and Necromancy.
 D - an amulet of guardian spirit
 F - the cursed ring "Sun of the Chained Sage" (left hand) {rPois rN+ Will++, Bglg, Elem}
   (You took it off a vault sentinel on level 5 of the Vaults)

   [ring of poison resistance]

   rPois:     It protects you from poison rN+: It protects you from negative
   energy.
   Will++:    It greatly increases your willpower.
   It has a curse which improves the following skills: Beguiling: Conjurations,
   Hexes and Translocations.
   Elements:  Fire Magic, Ice Magic, Air Magic and Earth Magic.
 I - a ring of protection from fire
Wands
 d - a wand of polymorph (4)
 p - a wand of quicksilver (20)
 u - a wand of digging (10)
 J - a wand of mindburst (66)
 K - a wand of flame (150)
 X - a wand of paralysis (29)
 Y - a wand of iceblast (31)
Scrolls
 a - 4 scrolls of immolation
 c - 3 scrolls of enchant weapon
 q - 2 scrolls of poison
 z - 3 scrolls of torment
 E - 6 scrolls of vulnerability
 N - 5 scrolls of amnesia
 Q - 10 scrolls of teleportation
 T - 3 scrolls of brand weapon
 V - 3 scrolls of fear
 Z - 4 scrolls of revelation
Potions
 g - 8 potions of attraction
 h - 6 potions of lignification
 k - a potion of mutation
 l - 4 potions of enlightenment
 o - 6 potions of brilliance
 r - a potion of cancellation
 s - 13 potions of curing
 t - 5 potions of magic
 B - 10 potions of ambrosia
 H - 2 potions of might
 L - 4 potions of heal wounds
Miscellaneous
 n - a condenser vane
 y - a lightning rod (4/4)
 P - a phantom mirror


   Skills:
 - Level 26.0(27) Fighting
 - Level 12.2(15.9) Polearms
 - Level 2.4(9.5) Staves
 - Level 18.5(21.8) Armour
 - Level 20.2(22.3) Dodging
 - Level 16.8(20.3) Shields
 - Level 3.2(6.3) Unarmed Combat
 * Level 12.0(14.4) Spellcasting
 * Level 4.7(9.9) Conjurations
 - Level 4.5(9.7) Hexes
 - Level 5.1(9.6) Summonings
 - Level 5.7(10.3) Necromancy
 - Level 3.3(8.0) Translocations
 - Level 12.6(16.2) Fire Magic
 * Level 4.1(7.4) Ice Magic
 * Level 4.1(7.4) Air Magic
 - Level 21.5(25.8) Evocations
 - Level 2.4(6.0) Shapeshifting


You had 36 spell levels left.
You knew the following spells:

 Your Spells              Type           Power      Damage    Failure   Level
a - Scorch                Fire           100%       2d9       1%          2
b - Lesser Beckoning      Tloc           74%        N/A       1%          2
c - Summon Guardian Gole  Hex/Summ       42%        N/A       1%          3
d - Dispel Undead         Necr           44%        3d17      1%          4
e - Freezing Cloud        Conj/Ice/Air   18%        6-21      9%          5

Your spell library contained the following spells:

 Spells                   Type           Power      Damage    Failure   Level
 Apportation              Tloc           74%        N/A       1%          1
 Foxfire                  Conj/Fire      100%       2x1d9     1%          1
 Kiss of Death            Conj/Necr      100%       2d13      1%          1
 Magic Dart               Conj           100%       1d8       1%          1
 Necrotise                Necr           100%       1d9       1%          1
 Summon Small Mammal      Summ           100%       N/A       1%          1
 Blink                    Tloc           74%        N/A       1%          2
 Cigotuvi's Dreadful Rot  Necr/Pois/Air  60%        N/A       1%          2
 Jinxbite                 Hex            84%        N/A       1%          2
 Momentum Strike          Conj/Tloc      80%        3d10      1%          2
 Searing Ray              Conj           86%        2d7       1%          2
 Static Discharge         Conj/Air       78%        3-7/arc   1%          2
 Sublimation of Blood     Necr           44%        N/A       1%          2
 Call Canine Familiar     Summ           42%        N/A       1%          3
 Confusing Touch          Hex            42%        N/A       1%          3
 Gell's Gravitas          Tloc           37%        N/A       1%          3
 Hailstorm                Conj/Ice       39%        3d9       1%          3
 Inner Flame              Hex/Fire       52%        N/A       1%          3
 Teleport Other           Tloc           37%        N/A       1%          3
 Tukima's Dance           Hex            42%        N/A       1%          3
 Anguish                  Hex/Necr       21%        N/A       1%          4
 Cause Fear               Hex            21%        N/A       1%          4
 Flame Wave               Conj/Fire      52%        2d13      1%          4
 Fulminant Prism          Conj/Hex       21%        3d12      1%          4
 Sticky Flame             Conj/Fire      52%        2d7       1%          4
 Fireball                 Conj/Fire      26%        3d12      1%          5
 Ignite Poison            Fire/Tmut/Pois 29%        N/A       2%          3
 Mephitic Cloud           Conj/Pois/Air  30%        N/A       2%          3
 Poisonous Vapours        Pois/Air       48%        N/A       3%          2
 Stone Arrow              Conj/Erth      56%        3d10      3%          3
 Manifold Assault         Tloc           37%        N/A       3%          4
 Passage of Golubria      Tloc           37%        N/A       3%          4
 Summon Ice Beast         Ice/Summ       38%        N/A       3%          4
 Summon Lightning Spire   Summ/Air       38%        N/A       3%          4
 Airstrike                Air            17%        2d(3-19)  4%          4
 Vhi's Electric Charge    Tloc/Air       72%        N/A       4%          4
 Iskenderun's Battlesphe  Conj           43%        2d9       4%          5
 Sting                    Tmut/Pois      52%        1d5       8%          1
 Arcjolt                  Conj/Air       19%        1d29      8%          5
 Wereblood                Tmut           13%        N/A       12%         2
 Animate Armour           Summ/Erth      54%        N/A       12%         4
 Leda's Liquefaction      Hex/Erth       13%        N/A       12%         4
 Summon Cactus Giant      Summ           21%        N/A       28%         6
 Irradiate                Conj/Tmut      14%        3d16      30%         5
 Yara's Violent Unravell  Hex/Tmut       13%        3d7       32%         5
 Simulacrum               Ice/Necr       19%        N/A       36%         6
 Olgreb's Toxic Radiance  Pois           13%        N/A       61%         4
 Ignition                 Fire           29%        3d9       63%         8
 Haunt                    Necr/Summ      21%        N/A       80%         7
 Orb of Destruction       Conj           21%        9d8       80%         7
 Enfeeble                 Hex            21%        N/A       83%         7
 Spellforged Servitor     Conj/Summ      21%        N/A       83%         7
 Summon Hydra             Summ           21%        N/A       85%         7
 Bombard                  Conj/Erth      14%        9d3       86%         6
 Alistair's Intoxication  Tmut/Pois      8%         N/A       91%         5
 Lee's Rapid Deconstruct  Erth           6%         3d6*      91%         5
 Ozocubu's Refrigeration  Ice            17%        4d11      98%         7
 Borgnjor's Revivificati  Necr           22%        N/A       100%        8
 Discord                  Hex            21%        N/A       100%        8
 Lehudib's Crystal Spear  Conj/Erth      14%        10d5      100%        8
 Maxwell's Capacitive Co  Air            17%        ∞         100%        8
 Death's Door             Necr           22%        N/A       100%        9
 Dragon's Call            Summ           21%        N/A       100%        9
 Polar Vortex             Ice            17%        12d2*     100%        9


Dungeon Overview and Level Annotations

Branches:
Dungeon (15/15)            Temple (1/1) D:4            Lair (5/5) D:8
 Shoals (4/4) Lair:2       Spider (4/4) Lair:2        Slime (0/5) Lair:4
    Orc (2/2) D:10            Elf (3/3) Orc:2        Vaults (5/5) D:14
  Crypt (3/3) Vaults:2       Tomb (0/3) Crypt:3      Depths (4/4) D:15
    Zot (2/5) Depths:4    Volcano (visited)          WizLab (visited)

Altars:
Ashenzari
Cheibriados
Dithmenos
Elyvilon
Fedhas
Gozag
Hepliaklqana
Kikubaaqudgha
Makhleb
Nemelex Xobeh
Okawaru
Qazlal
Ru
Sif Muna
Trog
Uskayaw
Vehumet
Wu Jian
Xom
Yredelemnul
Zin
The Shining One
Jiyva

Shops:
D:1 (   D:5 :   D:6 :   Orc:2 *=([   Vaults:2 (?   Vaults:3 !(   Depths:3 *

Portals:
Hell: Depths:1 Depths:2 Depths:3 Depths:4
Abyss: Depths:2 Depths:3 Depths:4
Pandemonium: Depths:2 Depths:3
Ziggurat: Depths:3
Trove: Elf:3 (give 14 potions of heal wounds)

Annotations:
D:12 4 transporters
D:15 1 runed translucent door, Cuam's ghost, journeyman TrCK
Lair:2 exclusion: oklob plant
Lair:3 Rupert
Spider:4 2 transporters, Prykner's ghost, adept MfGl
Elf:2 5 runed translucent doors
Crypt:1 Zenata
Depths:3 3 runed translucent doors, exclusion: obsidian statue, Xaosyiw's ghost, adept DECj


Innate Abilities, Weirdness & Mutations

You have a pair of horns on your head.
You reflexively headbutt those who attack you in melee.
You are clumsy. (Dex -2)


Message History

The storm dragon breathes lightning at you.
The bolt of lightning hits the black draconian knight.
The black draconian knight completely resists.
The bolt of lightning hits your butterfly!!
Your butterfly dies!
Your butterfly disappears in a burst of colours!
The bolt of lightning hits you. You resist.
* * * LOW HITPOINT WARNING * * *
The bolt of lightning hits your butterfly!!
Your butterfly dies!
Your butterfly disappears in a burst of colours!
The bolt of lightning misses your butterfly.
The black draconian knight roars!
You hear a roar! x2
Unknown command.
Unknown command.
Unknown command.
You swap places.
The electric golem hits your butterfly!
Your butterfly dies!
Your butterfly disappears in a burst of colours!
The storm dragon attacks as it pursues you!
You block the storm dragon's attack.
The storm dragon claws you but does no damage.
You block the storm dragon's attack.
A red draconian comes into view. It is wielding a +0 scimitar.
The black draconian closely misses your butterfly.
The electric golem hurls lightning at you.
The bolt of lightning hits your butterfly!
Your butterfly dies!
Your butterfly disappears in a burst of colours!
The bolt of lightning hits your butterfly!!!
Your butterfly dies!
Your butterfly disappears in a burst of colours!
The bolt of lightning hits your butterfly!!
Your butterfly dies!
Your butterfly disappears in a burst of colours!
The bolt of lightning hits your butterfly!!
Your butterfly dies!
Your butterfly disappears in a burst of colours!
The bolt of lightning hits you!! You resist.
You die...

***,,,,**
*,,,,,,,,**,,,,,,
*....⌠.,,'',,,,,,
#.9.....,**,,,,,, **####*
#b......*#*'***,,
,,....###.bby..##.,,,{***
,,.....bb...b.##..,,,,,**
,,..bbb..bbb.d#..*####,,*
,,....bb@b..b##.##...##{*
,,...bbbDb.b.#..........{
,,....bb.bbb##{.#.....#{,
,,....####q.#{{##.8.8^##{
,,....* #qD#..#.......#,
,,...,***##zd..#...>...#,
***##,,...).☼#..#.......#,
*,*#######..##.8.8.##, *,*
###..#.....#,.


You could see an electric golem, a green draconian monk (berserk, slow, ally
target), a black draconian knight (fast, invisible, slow), 2 storm dragons, a
black draconian (catching breath, ally target), a red draconian, a death cob and
a moth of wrath.

Vanquished Creatures
  A dread lich (Abyss:4)
  2 ancient liches
  A juggernaut (Depths:1)
  A royal mummy (WizLab)
  Bai Suzhen (Shoals:3)
  4 caustic shrikes
  Xtahua (Vaults:4)
  3 golden dragons
  A profane servitor (Crypt:3)
  3 bone dragons
  Nikola (Elf:3)
  Norris (Vaults:4)
  Jorgrun (Shoals:2)
  Mlioglotl (Spider:2)
  14 tentacled monstrosities
  A Hell Sentinel (Abyss:2)
  6 liches
  2 walking divine tomes
  2 deep elf blademasters (Elf:3)
  10 sphinxes
  A walking frostbound tome (Depths:2)
  2 deep elf master archers (Elf:3)
  7 titans
  2 quicksilver dragons
  2 death cobs (Zot:2)
  Agnes (Spider:4)
  An ancient champion (Crypt:3)
  The ghost of Sar the Thaumaturge, an adept NaCA of Ignis (Elf:1)
  Polyphemus (Shoals:2)
  11 tengu reavers
  Donald (Orc:2)
  2 tentacled starspawn
  Kirke (Shoals:3)
  4 shadow dragons
  2 revenants
  Roxanne (Shoals:2)
  Aizul (Depths:1)
  Ilsuiw (Shoals:2)
  5 storm dragons
  11 fire giants
  A draconian monk (Zot:1)
  15 frost giants
  3 draconian knights
  8 deep elf sorcerers
  2 draconian shifters (Zot:1)
  8 emperor scorpions
  2 caustic shrike zombies
  2 iron dragons (Depths:3)
  18 vault wardens
  4 ghost moths
  2 draconian scorchers
  5 deep elf elementalists
  A juggernaut zombie (Depths:1)
  6 broodmothers
  3 ghouls
  4 formless jellyfish
  2 orc warlords
  A reaper (Depths:3)
  A spriggan defender (Depths:4)
  3 draconian annihilators
  23 ironbound preservers
  14 stone giants
  5 ironbound thunderhulks
  18 very ugly things
  12 deep elf demonologists
  6 green draconians
  A war gargoyle (Vaults:3)
  4 vampire knights
  Azrael (D:14)
  2 minotaurs (Shoals:4)
  Nessos (Orc:2)
  2 black draconians
  13 deep elf annihilators
  A purple draconian (Zot:1)
  9 red draconians
  12 spark wasps
  5 dire elephants
  12 crystal guardians
  An eidolon (Abyss:4)
  A green death (Depths:3)
  3 white draconians
  8 deep elf death magi
  3 merfolk javelineers
  14 jiangshi
  4 merfolk impalers
  12 ettins
  5 entropy weavers
  2 mummy priests (WizLab)
  16 yaktaur captains
  Josephine (Shoals:1)
  A spectral spriggan (Crypt:3)
  10 fire dragons
  4 peacekeepers
  9 deep elf high priests
  34 vault guards
  A juggernaut simulacrum (Crypt:3)
  11 great orbs of eyes
  2 alligator snapping turtles
  12 ice dragons
  6 rakshasas
  3 ogre magi
  6 hydras
  11 spriggan air magi
  5 boulder beetles
  6 radroaches
  2 merfolk aquamancers (Shoals:1)
  2 merfolk avatars
  9 centaur warriors
  8 ironbound frosthearts
  15 dancing weapons
  3 death knights
  5 death yaks
  A fenstrider witch skeleton (Crypt:2)
  10 two-headed ogres
  2 catoblepae
  8 deep troll shamans
  9 tengu warriors
  An Orb Guardian skeleton (Crypt:1)
  8 satyrs
  11 demonic crawlers
  2 vampire magi (Crypt:2)
  10 deep troll earth magi
  4 spriggan berserkers
  2 occultists
  A soul eater (Abyss:3)
  4 orc high priests
  10 hell knights
  5 thrashing horrors
  2 wretched stars
  4 iron trolls
  10 deep elf knights
  A sun demon (Abyss:4)
  4 shadow wraiths
  2 sixfirhies
  18 skeletal warriors
  Lodul (D:14)
  2 sun moths (Spider:4)
  11 skysharks
  A spark wasp zombie (WizLab)
  5 pharaoh ants
  A goliath frog (Lair:5)
  65 deep trolls
  A ghost moth zombie (Crypt:1)
  A sea snake (shapeshifter) (Vaults:4)
  4 flayed ghosts (Crypt:3)
  A bunyip skeleton (Crypt:2)
  5 glowing orange brains
  An orb spider (shapeshifter) (Depths:2)
  9 sea snakes
  17 ironbound convokers
  5 bog bodies
  6 orb spiders
  16 deep elf archers
  A tengu zombie (WizLab)
  10 lindwurms
  11 arcanists
  27 deep elf zephyrmancers
  12 phantasmal warriors
  A lindwurm (shapeshifter) (D:15)
  8 orc knights
  24 wolf spiders
  A sphinx simulacrum (Depths:1)
  2 stone giant zombies (WizLab)
  7 steelbarb worms
  3 frost giant zombies
  21 harpies
  2 iron dragon zombies (WizLab)
  Pikel (D:7)
  38 deep elf pyromancers
  9 necromancers
  4 cyclopes
  3 orc sorcerers (Orc:2)
  12 fauns
  56 ugly things
  16 manticores
  6 moths of wrath
  6 merfolk sirens
  2 worldbinders
  An elephant (shapeshifter) (Vaults:5)
  3 kobold blastminers
  A salamander (shapeshifter) (Depths:1)
  9 elephants
  13 large abominations
  2 torpor snails
  19 vault sentinels
  An orange demon (Abyss:2)
  A molten gargoyle (Lair:4)
  2 smoke demons
  Jeremiah (D:6)
  4 black mambas
  3 water nymphs
  A cane toad (shapeshifter) (Elf:3)
  An unseen horror (shapeshifter) (D:15)
  6 unseen horrors
  22 cane toads
  4 freezing wraiths
  3 centaur skeletons (Crypt:1)
  A purple draconian zombie (Crypt:2)
  5 rime drakes
  47 yaktaurs
  4 kobold demonologists
  7 tengu conjurers
  6 komodo dragons
  A yaktaur (shapeshifter) (Depths:2)
  An efreet (Abyss:2)
  3 spriggan zombies
  4 guardian mummies
  5 ancient zymes
  A queen bee (Spider:3)
  A tormentor (Abyss:3)
  14 merfolk
  A polar bear (shapeshifter) (Depths:1)
  9 trolls
  10 meliai
  A harpy zombie (Crypt:2)
  6 wind drakes
  26 tarantellas
  3 hornets
  A tyrant leech (Abyss:4)
  2 polar bears
  A wind drake (shapeshifter) (D:11)
  A dream sheep (shapeshifter) (Depths:2)
  5 snapping turtles
  20 blink frogs
  7 raiju
  7 dream sheep
  3 glass eyes
  3 air elementals
  A black mamba zombie (Crypt:2)
  20 culicivoras
  30 jumping spiders
  62 flying skulls
  A dire elephant simulacrum (Crypt:3)
  2 centaur simulacra
  6 shadows
  20 water elementals
  32 slime creatures
  2 spriggans (Depths:4)
  A vampire (D:11)
  11 fire elementals
  A fire bat (Abyss:4)
  8 wraiths
  2 wyverns
  A ynoxinul (Abyss:3)
  An elf simulacrum (Vaults:2)
  53 yaks
  A basilisk (shapeshifter) (D:14)
  Grum (Lair:1)
  2 basilisks
  15 vampire mosquitoes
  A black mamba skeleton (Crypt:1)
  41 redbacks
  3 steam dragons
  5 chaos spawn
  2 neqoxecs (Abyss:3)
  10 small abominations
  Edmund (D:5)
  3 wargs
  7 hell hounds
  A glowing shapeshifter skeleton (Vaults:2)
  12 water moccasins
  A demonspawn skeleton (Crypt:1)
  35 orc warriors
  2 sky beasts
  Pargi (D:3)
  A black bear (shapeshifter) (Vaults:5)
  7 human zombies
  A crocodile (shapeshifter) (Elf:3)
  5 black bears
  A boggart (D:14)
  A hornet zombie (Crypt:1)
  14 ogres
  7 wolves
  5 centaurs (D:13)
  A phantom (D:5)
  12 bullfrogs
  A brain worm (Abyss:4)
  4 necrophages (Crypt:3)
  A wyvern zombie (Crypt:2)
  2 scorpions (D:5)
  A glowing shapeshifter simulacrum (Vaults:2)
  3 earth elementals
  3 human skeletons
  5 wights
  24 killer bees
  4 electric eels
  4 howler monkeys
  2 lava snakes (Lair:4)
  A quasit (Abyss:2)
  3 jellies
  4 hounds
  11 starcursed masses (Abyss:2)
  An iron imp (Abyss:3)
  19 orc priests
  An iguana (D:4)
  A sleepcap (D:7)
  26 orc wizards
  4 hell rats
  An ogre zombie (Crypt:2)
  A sky beast zombie (WizLab)
  A mummy (Crypt:1)
  Robin (D:3)
  A howler monkey skeleton (Crypt:2)
  6 adders
  2 river rats (D:8)
  A shadow imp (Abyss:3)
  A white imp (Abyss:2)
  An ufetubus (Abyss:2)
  3 worms
  2 dart slugs
  63 orcs
  5 endoplasms
  2 giant cockroaches
  18 goblins
  8 hobgoblins
  2 jackals (D:1)
  10 quokkas
  10 ball pythons
  9 bats
  8 frilled lizards
  11 kobolds
  8 rats
  2 starspawn tentacles
2204 creatures vanquished.

Vanquished Creatures (others)
  2 dread liches (Vaults:5)
  A tentacled monstrosity (Vaults:5)
  A shadow dragon (Vaults:5)
  An ice dragon (Abyss:4)
  A deep elf zephyrmancer (Elf:2)
  A merfolk siren (Shoals:2)
  A kobold blastminer (Orc:2)
  4 fire bats (Abyss:4)
  3 chaos spawn (Abyss:4)
  A sky beast (Abyss:4)
  A swamp drake (Abyss:4)
  2 small abominations (Abyss:4)
  An orc (D:13)
  2 starspawn tentacles
22 creatures vanquished.

Grand Total: 2226 creatures vanquished

Notes
Turn   | Place    | Note
-------+----------+-------------------------------------------
     0 | D:1      | Amplified the Minotaur Shapeshifter began the quest for the
                  | Orb.
     0 | D:1      | Reached XP level 1. HP: 16/16 MP: 0/0
   163 | D:1      | Reached XP level 2. HP: 24/24 MP: 1/1
   242 | D:1      | Reached skill level 2 in Fighting
   244 | D:1      | Found Zuil's Antique Weapon Boutique.
   305 | D:1      | Reached skill level 1 in Staves
   435 | D:1      | Reached XP level 3. HP: 29/29 MP: 2/2
  1141 | D:2      | Reached skill level 1 in Conjurations
  1160 | D:2      | Reached skill level 1 in Spellcasting
  1299 | D:2      | Identified the +1 cloak of the Untouchables {Dex+2}
  1669 | D:3      | Reached XP level 4. HP: 34/37 MP: 4/4
  1670 | D:3      | Identified the +0 helmet of Shrieking Birdsong {rC+++ MP+9
                  | Str+2 Int-4}
  1670 | D:3      | Noticed Robin
  1681 | D:3      | Killed Robin
  1739 | D:3      | Found an ancient bone altar of Kikubaaqudgha.
  1858 | D:3      | Reached skill level 3 in Fighting
  1881 | D:3      | Reached XP level 5. HP: 45/45 MP: 4/6
  2538 | D:3      | Noticed Pargi
  2557 | D:3      | Killed Pargi
  2558 | D:3      | Reached skill level 1 in Polearms
  2690 | D:4      | Found an ornate altar of the Wu Jian Council.
  2692 | D:4      | Found a shimmering blue altar of Sif Muna.
  2696 | D:4      | Noticed an ogre
  2697 | D:4      | Found a shadowy altar of Dithmenos.
  2864 | D:4      | Found a staircase to the Ecumenical Temple.
  2957 | D:1      | Bought a faintly glowing spear for 176 gold pieces
  2957 | D:1      | Identified the +3 spear "Keophuga" {vamp, rCorr Dex+3
                  | Stlth+} (You bought it in a shop on level 1 of the Dungeon)
  3034 | D:4      | Reached XP level 6. HP: 47/52 MP: 5/7
  3036 | D:4      | Reached skill level 1 in Armour
  3051 | D:4      | Found a blossoming altar of Fedhas.
  3119 | D:4      | Reached skill level 4 in Fighting
  3292 | D:5      | Entered Level 5 of the Dungeon
  3394 | D:5      | Noticed Edmund
  3415 | D:5      | Killed Edmund
  3533 | D:5      | Found Joysty's Tiny Tomes.
  3544 | D:5      | Reached XP level 7. HP: 55/60 MP: 8/8
  3666 | D:5      | Reached skill level 5 in Fighting
  3797 | D:5      | Noticed a steam dragon
  3808 | D:5      | Killed a steam dragon
  3809 | D:5      | Reached skill level 6 in Fighting
  3809 | D:5      | Reached skill level 5 in Polearms
  3809 | D:5      | Reached XP level 8. HP: 60/70 MP: 7/9
  4024 | Temple   | Entered the Ecumenical Temple
  4061 | Temple   | Became a worshipper of Ashenzari the Shackled
  4525 | D:6      | Found a hazy altar of Hepliaklqana.
  4807 | D:6      | Found a sparkling altar of Nemelex Xobeh.
  4830 | D:6      | Noticed Jeremiah
  4848 | D:6      | Found Ocsalihi's Self-Published Books.
  4876 | D:6      | Reached skill level 7 in Fighting
  4876 | D:6      | Reached skill level 5 in Shields
  5310 | D:7      | Found Wuavulou's Magic Scroll Shoppe.
  5316 | D:7      | Bought a scroll of fog for 40 gold pieces
  5438 | D:7      | Reached * piety under Ashenzari
  5544 | D:7      | Noticed Pikel
  5559 | D:7      | Killed Pikel
  5560 | D:7      | Reached skill level 8 in Fighting
  5560 | D:7      | Reached XP level 9. HP: 82/82 MP: 7/10
  5744 | D:8      | Noticed a death yak
  5748 | D:8      | Noticed a death yak
  5824 | D:8      | Found an opulent altar of Gozag.
  6091 | D:8      | Learned a level 2 spell: Scorch
  6142 | D:8      | Identified a scroll of acquirement
  6150 | D:8      | Found a staircase to the Lair.
  6156 | D:8      | Acquired the ring "Cotz" {rElec rF++ rN+ Dex+3}
  6261 | D:8      | Reached skill level 9 in Fighting
  6261 | D:8      | Reached ** piety under Ashenzari
  6376 | D:8      | Noticed a death yak
  6413 | D:8      | Killed a death yak
  6414 | D:8      | Reached skill level 10 in Shields
  6428 | D:8      | Identified the cursed +2 scale mail "Circumscribed
                  | Together" {rPois, Elem, Dev} (You took it off an orc on
                  | level 3 of the Dungeon)
  6435 | D:8      | Killed a death yak
  6436 | D:8      | Reached skill level 10 in Fighting
  6436 | D:8      | Reached XP level 10. HP: 95/95 MP: 7/12
  6444 | D:8      | Killed a death yak
  6735 | D:9      | Reached skill level 10 in Polearms
  6903 | D:9      | Reached skill level 11 in Fighting
  7149 | D:9      | Found a bloodstained altar of Trog.
  7276 | D:10     | Entered Level 10 of the Dungeon
  7298 | D:10     | Identified the +1 war axe "Ymyulu Otae" {flame, Stlth+}
  7453 | D:10     | Found a staircase to the Orcish Mines.
  7754 | D:10     | Found a basalt altar of Yredelemnul.
  7828 | D:10     | Reached *** piety under Ashenzari
  7939 | D:10     | Reached XP level 11. HP: 107/107 MP: 14/14
  8188 | D:10     | Reached skill level 12 in Fighting
  8556 | D:11     | Reached **** piety under Ashenzari
  8684 | D:11     | Noticed a two-headed ogre
  8693 | D:11     | Killed a two-headed ogre
  8806 | D:11     | Noticed a two-headed ogre
  8815 | D:11     | Killed a two-headed ogre
  8816 | D:11     | Reached skill level 15 in Shields
  9046 | D:11     | Noticed a boulder beetle
  9046 | D:11     | a human changed into a harpy
  9046 | D:11     | Noticed a harpy (shapeshifter)
  9109 | D:11     | Killed a boulder beetle
  9217 | D:11     | Noticed a cyan ugly thing
  9235 | D:11     | Killed a cyan ugly thing
  9280 | D:12     | Found a transporter.
  9310 | D:12     | Reached skill level 13 in Fighting
  9407 | D:12     | Identified the +1 helmet of the Old and Reckless {rPois
                  | Regen+ Str+3}
  9412 | D:12     | Found a transporter.
  9421 | D:12     | Found a transporter.
  9712 | D:6      | Killed Jeremiah
  9713 | D:6      | Reached skill level 5 in Armour
 10065 | Lair:1   | Entered Level 1 of the Lair of Beasts
 10146 | Lair:1   | Identified the +0 ring mail of Spite {rN+ Int+3}
 10268 | Lair:1   | Reached XP level 12. HP: 107/121 MP: 13/15
 10487 | Lair:1   | Reached skill level 14 in Fighting
 10640 | Lair:1   | Noticed Grum
 10680 | Lair:1   | Killed Grum
 11316 | Lair:2   | Found a hole to the Spider Nest.
 11504 | Lair:2   | Found a staircase to the Shoals.
 11748 | Lair:2   | Reached ***** piety under Ashenzari
 12182 | Lair:3   | Noticed Rupert
 12185 | Lair:3   | Paralysed by Rupert for 4 turns
 12299 | Lair:4   | Noticed an eight-headed hydra
 12334 | Lair:4   | Killed an eight-headed hydra
 12335 | Lair:4   | Reached skill level 15 in Fighting
 12372 | Lair:4   | Reached skill level 5 in Dodging
 12378 | Lair:4   | Found a dark tunnel.
 12386 | Volcano  | Entered a volcano
 12469 | Volcano  | Reached XP level 13. HP: 134/134 MP: 15/17
 12617 | Volcano  | Reached skill level 10 in Armour
 13254 | Lair:4   | Found a staircase to the Slime Pits.
 13254 | Lair:4   | Found a viscous altar of Jiyva.
 13790 | Lair:5   | Entered Level 5 of the Lair of Beasts
 13815 | Lair:5   | Reached skill level 16 in Fighting
 14612 | Lair:5   | Reached XP level 14. HP: 149/149 MP: 19/19
 14704 | Lair:5   | Reached skill level 17 in Fighting
 15630 | D:12     | Found a transporter.
 15835 | D:15     | Entered Level 15 of the Dungeon
 15969 | Orc:1    | Entered Level 1 of the Orcish Mines
 16005 | Orc:1    | Found a radiant altar of Vehumet.
 16165 | Orc:1    | Reached skill level 10 in Dodging
 16299 | Orc:1    | Identified the Thoughts on Harmful Congelation
 16398 | Orc:1    | Acquired the scarf of Doomed Contentment {shadows, rPois
                  | rN+ Regen+ Str+4}
 16716 | Orc:2    | Entered Level 2 of the Orcish Mines
 16724 | Orc:2    | Noticed Nessos
 17085 | Orc:2    | Killed Nessos
 17179 | Orc:2    | Reached skill level 18 in Fighting
 17575 | Orc:2    | Noticed an orc warlord
 17888 | Orc:2    | Found a staircase to the Elven Halls.
 18009 | Orc:2    | Found Jawooqurgh's Antique Weapon Shop.
 18929 | D:13     | Reached XP level 15. HP: 148/158 MP: 19/19
 19661 | D:14     | Noticed Azrael
 19695 | D:14     | Killed Azrael
 19925 | D:14     | Noticed Lodul
 19981 | D:14     | Killed Lodul
 20043 | D:14     | Found a gate to the Vaults.
 20357 | D:15     | Reached skill level 15 in Armour
 20434 | D:15     | Found a sacrificial altar of Ru.
 20450 | D:15     | Learned a level 2 spell: Lesser Beckoning
 20551 | D:15     | Reached skill level 19 in Fighting
 20596 | D:15     | Acquired the +1 demon trident "Podwim" {drain, +Blink Dex+3
                  | SInv Stlth-}
 20690 | D:15     | Found a runed translucent door.
 20691 | D:15     | Noticed Cuam's ghost (journeyman TrCK)
 20912 | D:15     | Found a sparkling altar of Nemelex Xobeh.
 21031 | D:15     | Reached skill level 1 in Evocations
 21091 | D:15     | Found a staircase to the Depths.
 21374 | Orc:2    | Found Yclasu's Antique Armour Shop.
 21390 | Orc:2    | Found Lubonihu's Jewellery Shop.
 21406 | Orc:2    | Found Acludeyst's General Store.
 21727 | Spider:1 | Entered Level 1 of the Spider Nest
 22401 | Spider:1 | Reached skill level 20 in Fighting
 22718 | Spider:2 | Reached skill level 5 in Evocations
 22719 | Spider:2 | Noticed an emperor scorpion
 22741 | Spider:2 | Killed an emperor scorpion
 22841 | Spider:2 | Reached XP level 16. HP: 169/169 MP: 19/19
 22926 | Spider:2 | Noticed Mlioglotl
 22927 | Spider:2 | Noticed a tentacled starspawn
 22956 | Spider:2 | Killed Mlioglotl
 23090 | Spider:2 | Identified the +0 scale mail "Gihyssy" {rElec}
 23954 | Spider:3 | Reached skill level 21 in Fighting
 24908 | Spider:4 | Entered Level 4 of the Spider Nest
 24915 | Spider:4 | Found a transporter.
 24918 | Spider:4 | Identified the +0 bardiche "Giapaq" {heavy, rC+}
 24919 | Spider:4 | Noticed Prykner's ghost (adept MfGl)
 24920 | Spider:4 | Identified the amulet of Brilliance {RegenMP rPois}
 24952 | Spider:4 | Found a transporter.
 25433 | Spider:4 | Noticed Agnes
 25460 | Spider:4 | Killed Agnes
 25464 | Spider:4 | Reached skill level 22 in Fighting
 26025 | Spider:4 | Reached XP level 17. HP: 158/181 MP: 20/20
 26350 | Spider:4 | Reached skill level 10 in Evocations
 26864 | Spider:4 | Got a gossamer rune of Zot
 27451 | Vaults:1 | Entered Level 1 of the Vaults
 27602 | Vaults:2 | Noticed a sphinx
 27610 | Vaults:2 | Killed a sphinx
 27725 | Vaults:2 | Reached skill level 23 in Fighting
 27936 | Vaults:2 | Found an ancient bone altar of Kikubaaqudgha.
 27936 | Vaults:2 | Found a staircase to the Crypt.
 27998 | Vaults:3 | Found Moubb's Weapon Emporium.
 28170 | Vaults:2 | Found Segaheom's Magic Scroll Shoppe.
 28349 | Vaults:3 | Found a flickering gateway to a bazaar.
 28354 | Bazaar   | Entered a bazaar
 28354 | Bazaar   | Found Kaetwo Suro's Antique Weapon Boutique.
 28354 | Bazaar   | Found Zemuut's Antique Armour Shop.
 28354 | Bazaar   | Found Daicwac's Armour Shop.
 28365 | Bazaar   | Bought a transparent orb for 336 gold pieces
 28365 | Bazaar   | Identified the orb of Okoatwann {*Rage, Harm rElec} (You
                  | bought it in a shop in a bazaar)
 28367 | Bazaar   | Bought the +7 great mace "Firestarter" {flame, immolate,
                  | rFlCloud rF++} for 1993 gold pieces
 28367 | Bazaar   | Found the +7 great mace "Firestarter" {flame, immolate,
                  | rFlCloud rF++}
 28369 | Bazaar   | Bought the +3 hat of Pondering {ponderous, Will+ MP+10
                  | Int+5} for 533 gold pieces
 28369 | Bazaar   | Found the +3 hat of Pondering {ponderous, Will+ MP+10
                  | Int+5}
 28374 | Bazaar   | Reached ****** piety under Ashenzari
 28535 | Vaults:3 | Noticed a sphinx
 28708 | Vaults:3 | Reached XP level 18. HP: 178/196 MP: 27/27
 28736 | Vaults:3 | Reached skill level 24 in Fighting
 28738 | Vaults:3 | Reached skill level 5 in Spellcasting
 29370 | Vaults:3 | Found Viestaobi's Distillery.
 29377 | Vaults:3 | Bought a potion of haste for 200 gold pieces
 29573 | Vaults:3 | Acquired a manual of Evocations
 29959 | Vaults:2 | Identified the +1 robe "Hiroh" {Rampage rC+ rCorr}
 29977 | Vaults:2 | Noticed a lich
 29989 | Vaults:2 | Killed a lich
 30926 | Vaults:2 | Found a basalt altar of Yredelemnul.
 30941 | Vaults:2 | Bought a scroll of teleportation for 57 gold pieces
 31181 | Vaults:2 | Found Pablugh's Antique Weapon Boutique.
 31379 | Vaults:1 | Reached skill level 25 in Fighting
 31515 | Vaults:1 | Identified the cursed scarf "Chained With Me" {rC+ rF+,
                  | Bglg, Dev} (You found it on level 1 of the Dungeon)
 31515 | Vaults:1 | Identified the cursed +0 pair of gloves "Ruined With Me"
                  | {Cun, Elem} (You found it on level 9 of the Dungeon)
 31515 | Vaults:1 | Identified the cursed +1 pair of boots "Omen of Ashenzari"
                  | {Comp, Melee} (You found it on level 4 of the Dungeon)
 32113 | Vaults:1 | Reached XP level 19. HP: 181/207 MP: 31/31
 32718 | Vaults:1 | Learned a level 3 spell: Summon Guardian Golem
 32929 | Elf:1    | Entered Level 1 of the Elven Halls
 32929 | Elf:1    | Identified the +6 spear of Glory {spect, rF+ Stlth+}
 32930 | Elf:1    | Noticed Donald
 33011 | Orc:2    | Killed Donald
 33182 | D:7      | Bought a scroll of enchant weapon for 75 gold pieces
 33182 | D:7      | Bought a scroll of brand weapon for 95 gold pieces
 33182 | D:7      | Bought a scroll of enchant weapon for 75 gold pieces
 33182 | D:7      | Bought a scroll of teleportation for 30 gold pieces
 33182 | D:7      | Bought a scroll of fear for 40 gold pieces
 33182 | D:7      | Bought a scroll of butterflies for 40 gold pieces
 33182 | D:7      | Bought a scroll of revelation for 75 gold pieces
 33363 | Elf:1    | Noticed Sar's ghost (adept NaCA)
 33379 | Elf:1    | Noticed a Brimstone Fiend
 33392 | Elf:1    | Reached skill level 1 in Hexes
 33440 | Elf:1    | Found a magical portal.
 33509 | WizLab   | Entered Doroklohe's Tomb
 33550 | WizLab   | Identified the +2 leather armour of Xisi {rElec Str+2
                  | Int+2}
 33550 | WizLab   | Noticed a royal mummy
 33762 | WizLab   | Killed a royal mummy
 34309 | Elf:1    | Found a runed translucent door.
 34416 | Elf:1    | Reached skill level 15 in Evocations
 34827 | Elf:1    | Killed Sar's ghost
 35165 | Elf:2    | Paralysed by an air elemental for 1 turns
 35527 | Elf:2    | Reached skill level 26 in Fighting
 35787 | Elf:2    | Found a huge runed translucent gate.
 35787 | Elf:2    | Found a huge runed translucent gate.
 35787 | Elf:2    | Found a huge runed translucent gate.
 35788 | Elf:2    | Found a huge runed translucent gate.
 35790 | Elf:2    | Found a huge runed translucent gate.
 36187 | Elf:3    | Entered Level 3 of the Elven Halls
 36257 | Elf:3    | Found a portal to a secret trove of treasure.
 36578 | Elf:3    | Noticed Nikola
 36589 | Elf:3    | Killed Nikola
 36590 | Elf:3    | Reached XP level 20. HP: 152/216 MP: 33/33
 37072 | Elf:3    | Reached skill level 1 in Translocations
 37076 | Elf:3    | Identified the +5 hand axe of the Fabulous God {vamp, rC+}
 37119 | Abyss:2  | Cast into level 2 of the Abyss (a deep elf demonologist)
 37122 | Abyss:2  | Found a corrupted altar of Lugonu.
 37147 | Abyss:2  | Found a corrupted altar of Lugonu.
 37155 | Elf:3    | Escaped the Abyss
 37272 | Elf:3    | Reached skill level 15 in Dodging
 37355 | Elf:3    | Identified the ring "Akkikket" {Fire +Blink Slay+3}
 37505 | Elf:3    | Identified the +1 rapier "Tolizass" {vamp, rPois Int+3}
 37584 | Elf:3    | Identified the +9 falchion "Kifuned" {freeze, rF+}
 37805 | Elf:3    | Identified the +8 falchion of the Invisible Olives {flame,
                  | rF- Str+8}
 37807 | Elf:3    | Identified the +9 short sword "Vovis" {flame, rCorr Stlth+}
 37808 | Elf:3    | Identified the +0 cloak "Ilusch" {Rampage rC+}
 37907 | Elf:3    | Identified the staff "Goseujer" {^Contam rF+ rN+ Necro Air
                  | Earth}
 38274 | Elf:3    | Upgraded the game from 0.31-a0-1236-gaa9e43cceb to
                  | 0.31-a0-1242-g57893ffec4
 38539 | Shoals:1 | Entered Level 1 of the Shoals
 38633 | Shoals:1 | Learned a level 4 spell: Dispel Undead
 38802 | Shoals:1 | Noticed Josephine
 38809 | Shoals:1 | Killed Josephine
 38810 | Shoals:1 | Reached skill level 1 in Necromancy
 38849 | Shoals:1 | Found the +7 Spriggan's Knife {stab, EV+4 Stlth+}
 39406 | Shoals:2 | Identified the +4 chain mail of Ihilotuh {Harm}
 39434 | Shoals:2 | Noticed Polyphemus
 39452 | Shoals:2 | Killed Polyphemus
 39682 | Shoals:2 | Noticed Roxanne
 39717 | Shoals:2 | Killed Roxanne
 39796 | Shoals:2 | Noticed Ilsuiw
 39828 | Shoals:2 | Killed Ilsuiw
 40065 | Shoals:3 | Noticed Bai Suzhen
 40087 | Shoals:3 | Killed Bai Suzhen
 40095 | Shoals:3 | Noticed Jorgrun
 40209 | Shoals:2 | Killed Jorgrun
 40322 | Shoals:3 | Noticed Kirke
 40344 | Shoals:3 | Killed Kirke
 40413 | Shoals:3 | Reached XP level 21. HP: 204/224 MP: 35/35
 40489 | Shoals:3 | Identified the beast talisman of Inumoziz {Dex+6}
 40640 | Shoals:4 | Entered Level 4 of the Shoals
 40861 | Shoals:4 | Got a barnacled rune of Zot
 40933 | Shoals:4 | Identified the +5 scale mail "Wimehief" {rC+ Str+2}
 41386 | Depths:1 | Entered Level 1 of the Depths
 41397 | Depths:1 | Reached skill level 5 in Necromancy
 41430 | Depths:1 | Found a glowing golden altar of the Shining One.
 41714 | Depths:1 | Identified the serpent talisman of Dramatic Exits {rC+}
 41714 | Depths:1 | Noticed Aizul
 41728 | Depths:1 | Killed Aizul
 41750 | Depths:1 | Found a gateway to Hell.
 41804 | Depths:1 | Reached skill level 10 in Spellcasting
 42032 | Depths:1 | Noticed a juggernaut
 42033 | Depths:1 | Identified the Omnibus of Kindling and Metal
 42318 | Depths:1 | Killed a juggernaut
 42376 | Depths:2 | Reached skill level 1 in Summonings
 42445 | Depths:2 | Found a one-way gate leading to the halls of Pandemonium.
 42447 | Depths:2 | Found a one-way gate to the infinite horrors of the Abyss.
 42487 | Depths:2 | Found an opulent altar of Gozag.
 42487 | Depths:2 | Found a shimmering blue altar of Sif Muna.
 42489 | Depths:2 | Found an ancient bone altar of Kikubaaqudgha.
 42771 | Depths:2 | Noticed a caustic shrike
 42785 | Depths:2 | Killed a caustic shrike
 42987 | Depths:2 | Reached XP level 22. HP: 233/233 MP: 37/37
 43010 | Depths:2 | Noticed a caustic shrike
 43028 | Depths:2 | Killed a caustic shrike
 43596 | Depths:2 | Identified the Discourse on Impure Damage
 43597 | Depths:2 | Identified the +7 whip "Dragonslayer" {venom, rN+ Will+
                  | MP-9}
 43659 | Depths:2 | Identified the +0 ring mail "Qacen" {+Blink Dex+2}
 44040 | Depths:3 | Reached skill level 5 in Summonings
 44171 | Depths:3 | Identified the +5 halberd of Gravity {drain, Will+ MP+9
                  | Int-3}
 44183 | Depths:3 | Noticed a caustic shrike
 44214 | Depths:3 | Killed a caustic shrike
 44353 | Depths:3 | Noticed a caustic shrike
 44410 | Depths:3 | Killed a caustic shrike
 44636 | Depths:3 | Noticed a golden dragon
 44643 | Depths:3 | Killed a golden dragon
 44720 | Depths:3 | Found a runed translucent gate.
 44721 | Depths:3 | Found a runed translucent gate.
 44722 | Depths:3 | Found an opulent altar of Gozag.
 44723 | Depths:3 | Found a runed translucent gate.
 44736 | Depths:3 | Found Heyh's Assorted Antiques.
 44736 | Depths:3 | Found Odwurunybb's Assorted Antiques.
 44736 | Depths:3 | Noticed Xaosyiw's ghost (adept DECj)
 44819 | Depths:3 | Identified the +1 falchion "Busypo" {freeze, +Blink rN++
                  | Will- Dex+3}
 44869 | Depths:3 | Found a one-way gateway to a ziggurat.
 45011 | Depths:3 | Identified the Meditations on Viperous Cinders
 45195 | Depths:3 | Reached skill level 1 in Fire Magic
 45455 | Depths:4 | Entered Level 4 of the Depths
 45593 | Depths:4 | Reached skill level 5 in Fire Magic
 45616 | Depths:4 | Found a gate to the Realm of Zot.
 45650 | Depths:4 | Reached XP level 23. HP: 240/240 MP: 39/39
 45698 | Depths:4 | Found the +5 scythe "Finisher" {speed, execute}
 46494 | Crypt:1  | Entered Level 1 of the Crypt
 46509 | Crypt:1  | Noticed Zenata
 46772 | Crypt:3  | Entered Level 3 of the Crypt
 46981 | Crypt:3  | Found a basalt altar of Yredelemnul.
 47019 | Crypt:3  | Reached skill level 10 in Fire Magic
 47495 | Crypt:3  | Found a staircase to the Tomb.
 47495 | Crypt:3  | Noticed an ancient lich
 47507 | Crypt:3  | Killed an ancient lich
 47894 | Crypt:3  | Identified the ring "Numeidd" {rPois rC+ rN+ Int+3 Stlth+}
 47895 | Crypt:3  | Identified the +1 leather armour of Optimism {rElec Int-5
                  | Stlth+}
 48064 | Crypt:2  | Identified the +2 falchion of Adverse Possession
                  | {antimagic, Will+ Stlth+}
 48447 | Vaults:4 | Paralysed by a formless jellyfish for 1 turns
 48586 | Vaults:4 | Noticed Xtahua
 48594 | Vaults:4 | Killed Xtahua
 48719 | Vaults:5 | Entered Level 5 of the Vaults
 48754 | Vaults:5 | Noticed a dread lich
 48756 | Vaults:5 | Noticed a dread lich
 48768 | Vaults:5 | Reached XP level 24. HP: 85/249 MP: 39/39
 48772 | Vaults:5 | Killed a dread lich
 48774 | Vaults:5 | Killed a dread lich
 49079 | Vaults:5 | Identified the ring of Zathruf {rPois rF+ Will- Int+4
                  | Dex+8}
 49243 | Vaults:5 | Identified the +1 morningstar "Gud Moqua" {drain, rElec
                  | Will+}
 49248 | Vaults:5 | Identified the amulet of Iliakhlin {Spirit Str+3}
 49554 | Vaults:5 | Noticed an ancient lich
 49573 | Vaults:5 | Identified the ring "Qoshida" {rPois rN+ Will++}
 49575 | Vaults:5 | Killed an ancient lich
 49758 | Vaults:5 | Got a silver rune of Zot
 49880 | Vaults:5 | Identified the +0 scale mail of Kuif Zao {rF++ Int-4}
 49906 | Vaults:5 | Identified Asmodeus's Catalogue of the Called Missiles
 50131 | Vaults:5 | Identified the Dissertation on the Baneful Xenotype
 50730 | Vaults:4 | Noticed Norris
 50750 | Vaults:4 | Killed Norris
 51080 | Vaults:4 | Identified the +1 falchion of Xoyzyhu {protect, rF+}
 51199 | Vaults:4 | Reached XP level 25. HP: 257/257 MP: 39/39
 51354 | Vaults:4 | Identified the +3 war axe "Joeneank" {protect, rElec Str-3
                  | Int+2}
 51885 | Depths:2 | Voluntarily entered the Abyss.
 52006 | Abyss:2  | Found a corrupted altar of Lugonu.
 52035 | Abyss:2  | Paralysed by accursed screaming for 2 turns
 52043 | Abyss:2  | Paralysed by accursed screaming for 1 turns
 52180 | Abyss:3  | Learned a level 5 spell: Freezing Cloud
 52393 | Abyss:3  | Found a corrupted altar of Lugonu.
 52406 | Abyss:3  | Gained mutation: You are clumsy. (Dex -2) [a neqoxec]
 52410 | Abyss:3  | Found a burning altar of Makhleb.
 52418 | Abyss:3  | Reached skill level 1 in Ice Magic
 52418 | Abyss:3  | Reached skill level 1 in Air Magic
 52460 | Abyss:4  | Found a corrupted altar of Lugonu.
 52624 | Abyss:4  | Noticed a dread lich
 52626 | Abyss:4  | Got an abyssal rune of Zot
 52631 | Abyss:4  | Killed a dread lich
 52670 | Depths:2 | Escaped the Abyss
 52776 | Zot:1    | Entered Level 1 of the Realm of Zot
 53233 | Zot:1    | Identified the +2 pair of gloves "Nesaitif" {-Cast Str+4
                  | Dex+4}
 54233 | Zot:2    | HP: 6/257 [green draconian monk[a black draconian knight]
                  | (37)]
 54237 | Zot:2    | Killed from afar by an electric golem

Illustrated notes

Levels and vault maps discovered:
D:1:      minmay_arrival_glassed_features, layout_rooms, serial_forest,
          infiniplex_forest_3_way, infiniplex_forest_clump_double,
          infiniplex_forest_zigzag_1, infiniplex_forest_lined_corner,
          infiniplex_forest_corner_2, infiniplex_forest_lined_2,
          infiniplex_forest_end_double, serial_shops, nicolae_shop_statue_plus
D:2:      layout_loops_corners, hangedman_decor_riveting,
          nicolae_elevator_lobby_asterisk
D:3:      layout_loops_corners, kiku_gazebo_pond_becter, minmay_vboxes,
          uniq_pargi, uniq_robin
D:4:      layout_cave_pools, fedhas_altar_3, grunt_temple_overflow_open,
          minmay_temple_entry_overgrown
D:5:      layout_loops_corners, nicolae_shop_i_like_small_books_too,
          minmay_manual_monolith, uniq_edmund
D:6:      layout_cave_pools, marbit_many_paths,
          mainiacjoe_overflow_concentric_impassable, nicolae_custom_books,
          corexii_corridor_pit, hangedman_decor_points, uniq_jeremiah
D:7:      layout_loops_cross, serial_shops, nicolae_shop_getting_attention,
          uniq_pikel
D:8:      layout_loops_ring, grunt_gozag_statues, dpeg_lair_monsters
D:9:      layout_rooms, mainiacjoe_overflow_chevrons
D:10:     layout_roguey, lemuel_crystal_altar, hiddenorc2_lemuel
D:11:     layout_rooms, grunt_tough_drop
D:12:     layout_basic, nicolae_transporter_circle
D:13:     layout_loops_ring
D:14:     layout_rooms, skrybe_vaults_entry_preservation,
          nicolae_lava_and_water, minivault_22, serial_bayou_lagoon_b,
          uniq_lodul, uniq_azrael
D:15:     gammafunk_enter_depths_forms, layout_irregular_city,
          gammafunk_ghost_grave, nemelex_xobeh_ov_fountains_minmay,
          nicolae_ru_great_annihilating_truth
Temple:   minmay_temple_forest_path
Lair:1:   layout_chaotic_city, serial_bayou_crossing, uniq_grum
Lair:2:   minmay_lair_oklob_tunnel, layout_small_grid,
          minmay_shoals_entry_beasts, hellmonk_spider_entry_not_the_bees
Lair:3:   layout_cave_shapes, eino_house_with_fridge, uniq_rupert
Lair:4:   layout_gridlike, slime_entry_1, nicolae_volcano_entry_vermiform,
          serial_rivers, chequers_serial_rivers_micro_b,
          chequers_serial_rivers_micro_c, chequers_serial_rivers_small_a,
          chequers_serial_rivers_large_a, chequers_serial_rivers_micro_d,
          chequers_serial_rivers_micro_b, nicolae_lair_grazing_beasts
          [nicolae_sub_lair_graze_edge, nicolae_sub_lair_graze_edge,
          nicolae_sub_lair_graze_edge, nicolae_sub_lair_graze_edge],
          infiniplex_staircase_pool_2
Lair:5:   minmay_lair_end_frog_pond, layout_regular_city, grunt_megastairs_4
Shoals:1: layout_shoals, nicolae_shoals_secluded_bog, uniq_josephine
Shoals:2: layout_shoals, uniq_polyphemus, uniq_ilsuiw, uniq_roxanne
Shoals:3: layout_shoals, uniq_jorgrun, uniq_bai_suzhen, uniq_kirke
Shoals:4: shoals_end_hellmonk_lost_city, serial_shops
Spider:1: layout_spider_delve
Spider:2: layout_spider_delve, nicolae_spider_cling_halls, uniq_mlioglotl
Spider:3: layout_cave_pods, special_room [special_room_bee]
Spider:4: guppyfry_spider_rune, gammafunk_ghost_arena, hellmonk_narrow_tunnel,
          uniq_agnes
Orc:1:    layout_diamond_mine, basic_altar, elves_outpost_lemuel
Orc:2:    grunt_orc_cross, layout_caves, uniq_nessos
Elf:1:    elf_arrival_002, layout_loops_cross, gammafunk_ghost_grave,
          mu_enter_wizlab_7, evilmike_minifort, uniq_donald
Elf:2:    elven_hall_of_blades_hangedman_alternative
          [nicolae_blade_entry_hurt_lockers], layout_loops_cross, special_room
          [special_room_orc], serial_sigils, serial_sigils_hangedman_gnaw,
          serial_sigils_hangedman_stare, serial_sigils_hangedman_confine
Elf:3:    minmay_elf_hall_golems, layout_geoelf_castle, enter_trove_5,
          corexii_hall_statues_u, uniq_nikola
Vaults:1: nicolae_vaults_diamond_1, nicolae_vaults_closet_pinwheel_5,
          vaults_room_fours, st_more_cells, nicolae_vaults_closet_pinwheel_5,
          nicolae_vaults_trapezoid_1, nicolae_vaults_tetromino_L_2,
          layout_vaults_omnigrid
Vaults:2: minmay_crypt_entry_necro_gods, v_pattern_5,
          nicolae_vaults_surprise_closet, ontoclasm_vaults_ring_square,
          vaults_room_mumra_shop_pool, nicolae_vaults_good_morning_starshine,
          nicolae_vaults_layer_cake_slice, v_alt_pattern_5, vaults_room_boxed,
          nicolae_vaults_network_quinsquares
          [nicolae_vaults_network_quincunx_subvault,
          nicolae_vaults_network_quincunx_subvault,
          nicolae_vaults_network_quincunx_subvault,
          nicolae_vaults_network_quincunx_subvault], ontoclasm_vaults_fault,
          v_misc_4, vaults_dpeg_hooks, vaults_dpeg_spiral,
          vaults_dpeg_emergency_exit, v_misc_17, layout_vaults_maze,
          serial_shops, nicolae_shop_window_shopping
Vaults:3: hangedman_vaults_maws, nicolae_vaults_storage_room_statues,
          nicolae_vaults_specimen_jars, nicolae_vaults_twisting_passages,
          vaults_mumra_lcd, v_misc_14, vaults_room_stairs_pillars,
          nicolae_vaults_heart-shaped_vault, v_misc_22, ontoclasm_vaults_hangar,
          vaults_room_door_ring, ontoclasm_vaults_loading_screen,
          layout_vaults_omnicross, serial_shops, bzr_entry_dummy,
          nicolae_shop_stone, shop
Vaults:4: nicolae_vaults_frosty_reception, vaults_dpeg_encased_lava,
          hangedman_vaults_impose, nicolae_vaults_network_periphery,
          nicolae_vaults_what_the_h, nicolae_vaults_six-pack,
          nicolae_vaults_little_squares_1, nicolae_vaults_stairing_the_circle,
          nicolae_vaults_mitosis, nicolae_vaults_trapezoid_layered,
          nicolae_vaults_house_1, nicolae_vaults_storage_room_water,
          hangedman_vaults_impose, layout_vaults_omnibox, uniq_xtahua,
          uniq_norris
Vaults:5
Crypt:1:  layout_misc_corridors, grunt_crypt_arrival_guarded_gate,
          grunt_megastairs_5, uniq_zenata
Crypt:2:  layout_misc_corridors
Crypt:3:  grunt_crypt_end_deaths_head
Depths:1: layout_roguey, tso_metal_star, hell_entry,
          chequers_serial_rivers_micro_b, dispersion_dpeg, firewood_loft,
          uniq_aizul
Depths:2: hangedman_slaughterboxes, pan_entry, hell_entry, serial_shops,
          abyss_entry
Depths:3: minmay_the_grid_net [minmay_the_grid_artifice,
          minmay_the_grid_medium_cups, minmay_the_grid_rooms,
          minmay_the_grid_empty, minmay_the_grid_zigzag_pyramid,
          minmay_the_grid_prize_trominoes], layout_long_grid, enter_ziggurat_b,
          minmay_room_of_horrors, nicolae_concentric_dashed_squares_wild,
          rand_demon_pan_entry_3, ebering_ghost_gozag,
          pf_vacation_house_of_asmodeus, lemuel_flamethrower_2
Depths:4: evilmike_zot_entry_basic, layout_gridlike, abyss_entry,
          grunt_decor_fettered, hell_entry
Zot:1:    layout_cathedral_of_symmetry
Zot:2:    layout_basic, grunt_megastairs_2

Skill      XL: |  1  2  3  4  5  6  7  8  9 10 11 12 13 14 15 16 17 18 19 20 21 22 23 24 25 |
---------------+----------------------------------------------------------------------------+-----
Fighting       | 2 3 4 6 8 10 11 13 15 16 18 20 22 23 25 26 | 26.0
Staves         | 1 2 |  2.4
Conjurations   | 1 4 |  4.7
Spellcasting   | 1 4 7 9 10 11 12 | 12.0
Polearms       | 1 3 5 7 9 11 12 | 12.2
Armour         | 3 4 5 9 12 14 15 16 18 | 18.5
Shields        | 2 7 11 13 16 | 16.8
Dodging        | 5 8 11 12 13 17 19 20 | 20.2
Evocations     | 5 9 11 13 15 17 20 21 | 21.5
Hexes          | 4 |  4.5
Translocations | 3 |  3.3
Necromancy     | 3 5 |  5.7
Summonings     | 3 5 |  5.1
Fire Magic     | 6 12 | 12.6
Ice Magic      | 4 |  4.1
Air Magic      | 4 |  4.1
Unarmed Combat | |  3.2
Shapeshifting  | |  2.4

Action                     |  1- 3 |  4- 6 |  7- 9 | 10-12 | 13-15 | 16-18 | 19-21 | 22-24 | 25-27 || total
---------------------------+-------+-------+-------+-------+-------+-------+-------+-------+-------++-------
  Melee: Staff             |    94 |    88 |       |       |       |       |       |       |       ||   182
         Unarmed           |     5 |       |       |       |       |       |       |       |       ||     5
         Headbutt          |    10 |    23 |    35 |   286 |   533 |   510 |   467 |   597 |   161 ||  2622
         Punch             |     2 |     3 |     3 |       |       |       |       |       |       ||     8
         Spear             |       |    59 |   249 |  1138 |  1843 |       |       |       |       ||  3289
         Demon trident     |       |       |       |       |   316 |  1839 |  1967 |  2257 |   575 ||  6954
   Cast: Lesser Beckoning  |       |       |       |       |       |       |    10 |     8 |     2 ||    20
         Freezing Cloud    |       |       |       |       |       |       |       |       |     2 ||     2
 Invoke: Curse Item        |       |       |     3 |     5 |     3 |     1 |     4 |     1 |     2 ||    19
         Shatter the Chain |       |       |       |       |     2 |       |     6 |       |     1 ||     9
Ability: Begin Untransform |       |       |     1 |       |       |       |       |       |       ||     1
         Evoke Blink       |       |       |       |       |       |     1 |       |       |       ||     1
  Evoke: Wand              |       |       |       |     5 |     6 |     3 |     1 |     1 |       ||    16
         Phantom mirror    |       |       |       |       |       |     1 |     1 |       |       ||     2
         Condenser vane    |       |       |       |       |       |       |     3 |     2 |     1 ||     6
         Lightning rod     |       |       |       |       |       |       |     1 |     2 |       ||     3
    Use: Scroll            |     6 |     7 |     5 |     3 |    10 |    11 |    18 |    14 |     7 ||    81
         Potion            |     1 |     2 |     4 |     3 |     4 |    18 |     9 |     9 |     3 ||    53
   Stab: Sleeping          |     1 |       |       |       |       |       |       |       |       ||     1
         Paralysed         |       |       |       |     7 |     1 |     6 |     3 |       |       ||    17
         Invisible         |       |       |       |       |       |    12 |       |     2 |       ||    14
         Petrified         |       |       |       |       |       |       |     3 |       |       ||     3
         Petrifying        |       |       |       |       |       |       |     1 |       |       ||     1
         Distracted        |       |       |       |       |       |       |     2 |       |       ||     2
 Armour: Animal skin       |    39 |    34 |       |       |       |       |       |       |       ||    73
         Skin              |    12 |       |    14 |       |       |     1 |       |       |       ||    27
         Scale mail        |       |    62 |    84 |   318 |   731 |   803 |   711 |   776 |   244 ||  3729
  Dodge: Dodged            |    51 |    90 |   133 |   297 |  1010 |  1252 |   856 |   833 |   171 ||  4693
  Block: Buckler           |       |       |     7 |   186 |   503 |   597 |    43 |       |       ||  1336
         Kite shield       |       |       |       |       |       |       |   813 |   942 |   208 ||  1963

Table legend: (Time is in decaauts)
 A = Elapsed time spent in this place.
 B = Non-inter-level travel time spent in this place.
 C = Inter-level travel time spent in this place.
 D = Time resting spent in this place.
 E = Time spent auto-exploring this place.
 F = Levels seen in this place.
 G = Mean time per level.
                   A        B        C        D        E       F      G
               +--------+--------+--------+--------+--------+-----+--------+
         Total |  51928 |  47082 |   4846 |   3349 |  28456 |  55 |  944.1 |
       Dungeon |  14192 |  11938 |   2254 |    200 |   8851 |  15 |  946.1 |
        Temple |     74 |     10 |     64 |      0 |      0 |   1 |   74.0 |
          Lair |   4651 |   4322 |    329 |     78 |   3030 |   5 |  930.2 |
        Shoals |   2652 |   2436 |    216 |    124 |   1226 |   4 |  663.0 |
   Spider Nest |   5141 |   4967 |    174 |    587 |   2927 |   4 | 1285.2 |
  Orcish Mines |   2391 |   2084 |    307 |    459 |    931 |   2 | 1195.5 |
   Elven Halls |   4454 |   4194 |    260 |    519 |   2362 |   3 | 1484.7 |
        Vaults |   8471 |   8003 |    468 |    779 |   4475 |   5 | 1694.2 |
         Crypt |   1676 |   1582 |     94 |     37 |    849 |   3 |  558.7 |
        Depths |   5049 |   4455 |    594 |    189 |   2818 |   4 | 1262.2 |
           Zot |   1481 |   1398 |     83 |     75 |    964 |   2 |  740.5 |
         Abyss |    768 |    768 |      0 |     22 |     18 |   4 |  192.0 |
        Bazaar |     48 |     48 |      0 |     23 |      0 |   1 |   48.0 |
       Volcano |    314 |    314 |      0 |     76 |      0 |   1 |  314.0 |
        Wizlab |    558 |    558 |      0 |    178 |      0 |   1 |  558.0 |
               +--------+--------+--------+--------+--------+-----+--------+

Top non-repeatable levels by time:
Vaults:2: 2126 daAuts
   Elf:3: 2095 daAuts
Spider:4: 2037 daAuts
Vaults:5: 1778 daAuts
Depths:2: 1737 daAuts
Vaults:3: 1642 daAuts
Vaults:1: 1631 daAuts
Depths:3: 1458 daAuts
Spider:3: 1409 daAuts
   Zot:1: 1323 daAuts
    D:10: 1295 daAuts
Vaults:4: 1292 daAuts
   Orc:1: 1263 daAuts
  Lair:5: 1253 daAuts
   Elf:1: 1236 daAuts
